 Dungeon Crawl Stone Soup version 0.30-a0-779-g7971cf19c3 (webtiles) character file.

Game seed: 15920585593985466970

215 Pimp the Firebug (level 5, -4/40 HPs)
             Began as a Draconian Fire Elementalist on Feb 17, 2023.
             Slain by an iguana (10 damage)
             ... on level 4 of the Dungeon.
             The game lasted 00:10:34 (2227 turns).

Pimp the Firebug (Draconian Fire Elementalist)      Turns: 2227, Time: 00:10:34

Health: -4/40      AC:  5    Str: 10    XL:     5   Next: 60%
Magic:  5/8        EV: 12    Int: 18    God:
Gold:   83         SH:  0    Dex: 11    Spells: 5/9 levels left

rFire   . . .      SeeInvis .    l - +2 dagger (elec)
rCold   . . .      Faith    .    (no shield)
rNeg    . . .      Spirit   .    (body armour unavailable)
rPois   .          Reflect  .    (helmet restricted)
rElec   .          Harm     .    (no cloak)
rCorr   .          Rampage  .    (no gloves)
Will    .....                    (no boots)
Stlth   ++                       (no amulet)
HPRegen 0.26/turn                (no ring)
MPRegen 0.11/turn                (no ring)

@: no status effects
A: AC +5, unfitting armour, cold-blooded
a: no special abilities


You were on level 4 of the Dungeon.
You visited 1 branch of the dungeon, and saw 4 of its levels.

You collected 83 gold pieces.

Inventory:

Hand Weapons
 b - a +2 dagger of pain
 d - a +0 short sword
 j - a +0 dagger of protection
 l - a +2 dagger of electrocution (weapon)
Missiles
 e - 6 javelins
Jewellery
 f - a ring of protection from fire
Scrolls
 c - a scroll of poison
 h - a scroll of noise {unknown}
 k - a scroll of immolation {unknown}
 o - a scroll of torment
Potions
 a - a potion of magic
 g - a potion of curing {unknown}
 i - a potion of lignification {unknown}
 m - a potion of might {unknown}
 n - a potion of mutation {unknown}


   Skills:
 + Level 1.1 Fighting
 + Level 1.4 Short Blades
 + Level 3.0 Dodging
 + Level 2.8 Stealth
 + Level 0.6 Unarmed Combat
 + Level 2.6 Spellcasting
 + Level 1.7 Conjurations
 + Level 3.9 Fire Magic


You had 5 spell levels left.
You knew the following spells:

 Your Spells              Type           Power      Damage    Failure   Level
a - Foxfire               Conj/Fire      48%        2x1d6     5%          1
b - Inner Flame           Hex/Fire       9%         N/A       22%         3

Your spell library contained the following spells:

 Spells                   Type           Power      Damage    Failure   Level
 Scorch                   Fire           32%        2d7       4%          2
 Summon Small Mammal      Summ           8%         N/A       17%         1
 Static Discharge         Conj/Air       10%        2-3/arc   19%         2
 Sublimation of Blood     Necr           2%         N/A       26%         2
 Kindle Blastsparks       Fire/Tloc/Air  14%        2d11      30%         3
 Call Canine Familiar     Summ           2%         N/A       45%         3
 Summon Guardian Golem    Hex/Summ       2%         N/A       45%         3
 Vhi's Electric Charge    Tloc/Air       4%         N/A       45%         3
 Flame Wave               Conj/Fire      12%        2d6       47%         4
 Petrify                  Tmut/Erth      2%         N/A       86%         4
 Arcjolt                  Conj/Air       2%         1d12      97%         5
 Irradiate                Conj/Tmut      2%         3d12      97%         5
 Lightning Bolt           Conj/Air       2%         1d14      97%         5


Dungeon Overview and Level Annotations

Branches:
Dungeon (4/15)
 Temple: D:4-7

Altars:
Elyvilon


Innate Abilities, Weirdness & Mutations

Your plain brown scales are hard. (AC +5)
You cannot fit into any form of body armour.
You are cold-blooded and may be slowed by cold attacks.


Message History

The iguana attacks as you move away! The iguana misses you.
The iguana attacks as you move away! The iguana closely misses you.
The iguana attacks as you move away!
The iguana bites you but does no damage.
Casting: Foxfire (safe; 5% risk of failure)
Confirm with . or Enter, or press ? or * to list all spells.
You conjure some foxfire!
The iguana bites you.
The foxfire hits the iguana.
The iguana is lightly wounded.
The foxfire hits the iguana.
The iguana is moderately wounded.
Casting: Foxfire (safe; 5% risk of failure)
Confirm with . or Enter, or press ? or * to list all spells.
You conjure some foxfire!
The foxfire hits the iguana but does no damage.
The iguana bites you!
Unknown command.
You hit the iguana but do no damage.
The iguana is moderately wounded.
The foxfire hits the iguana.
The iguana is moderately wounded.
The iguana bites you but does no damage.
The iguana attacks as you move away!
The iguana bites you but does no damage.
Things that are here:
a +0 dagger; a goblin corpse
Casting: Foxfire (safe; 5% risk of failure)
Confirm with . or Enter, or press ? or * to list all spells.
You conjure some foxfire!
The iguana bites you! x2
* * * LOW HITPOINT WARNING * * *
The iguana attacks as you move away! The iguana barely misses you.
The iguana attacks as you move away! The iguana closely misses you.
The foxfire hits the iguana.
The iguana is lightly wounded.
The foxfire hits the iguana.
The iguana is lightly wounded.
Casting: Foxfire (safe; 5% risk of failure)
Confirm with . or Enter, or press ? or * to list all spells.
You conjure some foxfire!
The iguana barely misses you. The iguana bites you!
You die...

#...............).....
#...............###...
#...............###...
#.....................
#.........#.#.#.#.#.#.
#....##...............
#.>..++.....⌠.....⌠...
###...v##........_......
#.....v@l.....⌠.....⌠...
#.......l)..............
#...........#.#.#.#.#.#.
#.......................
#...[...........#.....#.
#...............#.##)#..
####........###.#.##†#.#
#######........###.#.##[#.#
...............+.....##.#.#


You could see 2 iguanas.

Vanquished Creatures
  An orc priest (D:3)
  A hound (D:4)
  An orc wizard (D:3)
  A gnoll (D:1)
  5 adders
  A worm (D:2)
  2 dart slugs
  2 orcs (D:3)
  6 bats
  10 endoplasms
  2 giant cockroaches
  6 goblins
  4 hobgoblins
  3 jackals (D:4)
  A quokka (D:1)
  6 ball pythons
  6 frilled lizards
  10 kobolds
  4 rats
72 creatures vanquished.

Vanquished Creatures (others)
  84 foxfires
84 creatures vanquished.

Grand Total: 156 creatures vanquished

Notes
Turn   | Place    | Note
-------+----------+-------------------------------------------
     0 | D:1      | Pimp the Draconian Fire Elementalist began the quest for
                  | the Orb.
     0 | D:1      | Reached XP level 1. HP: 14/14 MP: 3/3
   258 | D:1      | Reached XP level 2. HP: 20/20 MP: 3/5
   462 | D:1      | Reached XP level 3. HP: 26/27 MP: 1/6
   781 | D:2      | Learned a level 3 spell: Inner Flame
   985 | D:2      | Found a faded altar of an unknown god.
  1276 | D:2      | Reached XP level 4. HP: 34/34 MP: 4/7
  1595 | D:3      | Reached skill level 1 in Fighting
  1607 | D:3      | Reached skill level 1 in Short Blades
  1617 | D:3      | Reached XP level 5. HP: 31/40 MP: 3/8
  2075 | D:4      | Found a white marble altar of Elyvilon.
  2227 | D:4      | Slain by an iguana

Illustrated notes

Levels and vault maps discovered:
D:1:      dpeg_arrival_short_road, layout_rooms, serial_bayou_crossing
D:2:      layout_basic, dreamdust_ecumenical_altar_statues, minivault_14
D:3:      layout_basic
D:4:      layout_basic, elyvilon_altar_5,
          chequers_temple_overflow_statue_of_worship, serial_shops,
          nicolae_take_the_stairs

Skill      XL: |  1  2  3  4  5 |
---------------+----------------+-----
Dodging        | 2 3 |  3.0
Stealth        | 2 |  2.8
Fighting       | 1 |  1.1
Short Blades   | 1 |  1.4
Unarmed Combat | |  0.6
Spellcasting   | |  2.6
Conjurations   | |  1.7
Fire Magic     | |  3.9

Action                     |  1- 3 |  4- 6 || total
---------------------------+-------+-------++-------
  Melee: Unarmed           |    36 |       ||    36
         Tailslap          |    12 |     5 ||    17
         Short sword       |    41 |       ||    41
         Punch             |     2 |     2 ||     4
         Dagger            |    52 |    70 ||   122
   Cast: Foxfire           |    30 |    28 ||    58
    Use: Scroll            |     5 |     3 ||     8
         Potion            |       |     2 ||     2
   Stab: Sleeping          |     4 |     2 ||     6
 Armour: Skin              |    65 |    37 ||   102
  Dodge: Dodged            |   131 |    78 ||   209

Table legend: (Time is in decaauts)
 A = Elapsed time spent in this place.
 B = Non-inter-level travel time spent in this place.
 C = Inter-level travel time spent in this place.
 D = Time resting spent in this place.
 E = Time spent auto-exploring this place.
 F = Levels seen in this place.
 G = Mean time per level.
                   A        B        C        D        E       F      G
               +--------+--------+--------+--------+--------+-----+--------+
         Total |   2239 |   2166 |     73 |    404 |   1008 |   4 |  559.8 |
       Dungeon |   2239 |   2166 |     73 |    404 |   1008 |   4 |  559.8 |
               +--------+--------+--------+--------+--------+-----+--------+

Top non-repeatable levels by time:
     D:2: 796 daAuts
     D:1: 689 daAuts
     D:3: 544 daAuts
     D:4: 209 daAuts
